 Dungeon Crawl Stone Soup version 0.26.0-3-g156281e41b (webtiles) character file.

Game seed: 13207552754954789843

273 hatsuma the Cutter (level 6, -2/34 HPs)
             Began as a Vampire Enchanter on Jan 9, 2021.
             Was an Initiate of Gozag.
             Slain by a hound (6 damage)
             ... on level 5 of the Dungeon.
             The game lasted 00:53:13 (5725 turns).

hatsuma the Cutter (Vampire Enchanter)              Turns: 5725, Time: 00:53:14

Health: -2/34      AC:  4    Str:  3 (8)  XL:     6   Next: 3%
Magic:  1/9        EV: 12    Int: 12 (17) God:    Gozag
Gold:   360        SH:  0    Dex: 12 (16) Spells: 3/9 levels left

rFire    . . .     SeeInvis +   k - +2 dagger (venom)
rCold    + + .     Faith    .   (no shield)
rNeg     + + +     Spirit   .   b - +0 robe
rPois    ∞         Reflect  .   (no helmet)
rElec    .         Harm     .   (no cloak)
rCorr    .         Rampage  .   (no gloves)
Will     .....                  o - +1 pair of boots
Stlth    +++++.....             (no amulet)
HPRegen  0.00/turn              (no ring)
MPRegen  0.11/turn              (no ring)

@: gold aura, bloodless
A: fangs 3, see invisible, unbreathing
a: Bat Form, Revivify, Renounce Religion, Potion Petition, Call Merchant, Bribe
Branch


You were on level 5 of the Dungeon.
You worshipped Gozag.
Gozag was aware of your devotion.
You visited 1 branch of the dungeon, and saw 5 of its levels.

You collected 525 gold pieces.
You spent 123 gold pieces at shops.
You paid 42 gold pieces to Gozag.

Inventory:

Hand Weapons
 k - a +2 dagger of venom (weapon)
Armour
 b - a +0 robe (worn)
 o - a +1 pair of boots (worn)
Jewellery
 l - an uncursed amulet of faith
Wands
 t - a wand of digging (2)
Scrolls
 a - 2 scrolls of magic mapping
 e - 5 scrolls of remove curse
 g - 3 scrolls of teleportation
 i - a scroll of random uselessness {unknown}
 p - 2 scrolls of fear {unknown}
 s - a scroll of blinking {unknown}
 v - a scroll of summoning {unknown}
Potions
 c - a potion of brilliance {unknown}
 d - 4 potions of curing
 f - 2 potions of haste {unknown}
 h - a potion of ambrosia {unknown}
 j - a potion of lignification {unknown}
 m - a potion of might {unknown}
 n - 2 potions of resistance {unknown}
 q - a potion of heal wounds {unknown}
 r - a potion of degeneration {unknown}
 u - a potion of mutation {unknown}


   Skills:
 - Level 1.0 Fighting
 + Level 5.2 Short Blades
 - Level 2.4 Dodging
 - Level 5.0 Stealth
 - Level 2.0 Spellcasting
 - Level 5.0 Hexes
 - Level 2.1 Ice Magic


You had 3 spell levels left.
You knew the following spells:

 Your Spells              Type           Power        Failure   Level
a - Corona                Hex            14%          3%          1
b - Ensorcelled Hibernat  Hex/Ice        18%          10%         2
c - Confusing Touch       Hex            13%          11%         3

Your spell library contained the following spells:

 Spells                   Type           Power        Failure   Level
 Tukima's Dance           Hex            13%          11%         3
 Dazzling Flash           Conj/Hex       14%          28%         3


Dungeon Overview and Level Annotations

Branches:
Dungeon (5/15)
 Temple: D:4-7

Altars:
Gozag
Hepliaklqana
Nemelex Xobeh
Zin

Shops:
D:4 ?


Innate Abilities, Weirdness & Mutations

You do not regenerate when monsters are visible.
You are frail without blood (-20% HP).
You can heal yourself when you bite living creatures.
You are immune to poison.
You have razor-sharp teeth.
You have supernaturally acute eyesight. (SInv)
You can survive without breathing.


Message History

Aiming: Ensorcelled Hibernation (safe; 10% risk of failure)
Press: ? - help, Shift-Dir - straight line, f/p - hound
Aim: a hound (chance to affect: 50%)
The hound resists with some effort.
The hound bites you.
* * * LOW HITPOINT WARNING * * *
Casting: Ensorcelled Hibernation (safe; 10% risk of failure)
Confirm with . or Enter, or press ? or * to list all spells.
Aiming: Ensorcelled Hibernation (safe; 10% risk of failure)
Press: ? - help, Shift-Dir - straight line, f/p - hound
Aim: a hound (chance to affect: 50%)
The hound resists with some effort.
The hound misses you. The hound bites you.
* * * LOW HITPOINT WARNING * * *
Casting: Ensorcelled Hibernation (safe; 10% risk of failure)
Confirm with . or Enter, or press ? or * to list all spells.
Aiming: Ensorcelled Hibernation (safe; 10% risk of failure)
Press: ? - help, Shift-Dir - straight line, f/p - hound
Aim: a hound (chance to affect: 50%)
The hound resists with some effort.
The hound bites you.
You die...
Your body crumbles into a pile of gold.

###..............#####.#
.....#.#########.# #.#
###....# #.# #.# ##.#.#
#.#####.# #.#.# #.......#
####.#.# ######..######
.......####...........#
##................###.##
##.#.[#####.....@......#
#.....#####..####h###..#
..#.#..................#
###.#.(####..####$###..##
#...##.# #..# #.........
... #.......#
#.###....... .. ##...#..#
#.# #..##### .. ..#....#
#.# #..# #......####.#
#..#


You could see a hound.

Vanquished Creatures
  2 bullfrog skeletons (D:5)
  A jelly (D:5)
  An orc priest (D:3)
  An orc wizard (D:3)
  4 adders
  An ooze (D:3)
  An adder skeleton (D:4)
  A worm (D:4)
  2 leopard geckos
  7 orcs (D:3)
  7 bats
  3 giant cockroaches
  6 goblins
  8 hobgoblins
  6 jackals
  11 kobolds
  A quokka (D:2)
  A ball python (D:4)
  3 frilled lizards
  A quokka zombie (D:5)
  12 rats
80 creatures vanquished.

Notes
Turn   | Place    | Note
-------+----------+-------------------------------------------
     0 | D:1      | hatsuma the Vampire Enchanter began the quest for the Orb.
     0 | D:1      | Reached XP level 1. HP: 13/13 MP: 3/3
   383 | D:1      | Reached XP level 2. HP: 16/16 MP: 5/5
   438 | D:1      | Reached skill level 1 in Fighting
   478 | D:1      | Learned a level 2 spell: Ensorcelled Hibernation
   806 | D:1      | Reached skill level 1 in Ice Magic
   914 | D:1      | Reached XP level 3. HP: 20/20 MP: 2/6
   927 | D:1      | Learned a level 3 spell: Confusing Touch
   994 | D:1      | Reached skill level 5 in Stealth
  2317 | D:2      | Found a sparkling altar of Nemelex Xobeh.
  2317 | D:2      | Found an opulent altar of Gozag.
  2359 | D:2      | Became a worshipper of Gozag Ym Sagoz the Greedy
  2539 | D:2      | Found a hazy altar of Hepliaklqana.
  2570 | D:3      | Reached XP level 4. HP: 25/25 MP: 7/7
  3602 | D:3      | Reached XP level 5. HP: 17/29 MP: 5/8
  4083 | D:3      | Reached skill level 5 in Hexes
  4294 | D:3      | Found a glowing silver altar of Zin.
  4334 | D:4      | Found Kahav's Magic Scroll Boutique.
  4415 | D:4      | Bought a scroll of identify for 26 gold pieces
  4426 | D:4      | Bought a scroll of enchant armour for 97 gold pieces
  4793 | D:5      | Entered Level 5 of the Dungeon
  5276 | D:5      | Noticed an ogre
  5463 | D:5      | Noticed an ogre
  5464 | D:5      | Noticed a centaur
  5607 | D:5      | Reached skill level 5 in Short Blades
  5718 | D:5      | Reached XP level 6. HP: 9/34 MP: 9/9
  5725 | D:5      | Slain by a hound

Illustrated notes

Levels and vault maps discovered:
D:1:      lightli_arrival_statue_moat, layout_basic
D:2:      layout_loops_corners, grunt_temple_overflow_opulence,
          nzn_hepliaklqana_mist_gate
D:3:      layout_basic, zin_scriptorium
D:4:      layout_basic, serial_shops, nicolae_shop_statue_plus
D:5:      layout_loops_ring, lemuel_round_altar, nicolae_ru_awakened_eye,
          minmay_temple_entry_slanted

Skill      XL: |  1  2  3  4  5 |
---------------+----------------+-----
Short Blades   | 2 3 4 5 |  5.2
Fighting       | 1 |  1.0
Ice Magic      | 1 2 |  2.1
Stealth        | 5 |  5.0
Hexes          | 5 |  5.0
Dodging        | |  2.4
Spellcasting   | |  2.0

Action                   |  1- 3 |  4- 6 || total
-------------------------+-------+-------++-------
Melee: Dagger            |   104 |    89 ||   193
       Bite              |     7 |     4 ||    11
 Cast: Corona            |     8 |     7 ||    15
       Ensorcelled Hiber |    11 |    15 ||    26
 Abil: Exsanguinate      |     1 |       ||     1
       Stop Flying       |       |     3 ||     3
       End Transformatio |       |     3 ||     3
       Bat Form          |       |     3 ||     3
Evoke: Wand              |       |     1 ||     1
  Use: Scroll            |     5 |     3 ||     8
 Stab: Sleeping          |    24 |    17 ||    41
       Distracted        |     1 |     2 ||     3
Armor: Robe              |    23 |    16 ||    39
Dodge: Dodged            |    56 |    42 ||    98
